 Dungeon Crawl Stone Soup version 0.27.1-34-g3ba077fa99 (webtiles) character file.

Game seed: 1229372904422875403

239 cbfl8 the Sneak (level 5, -2/47 HPs)
             Began as a Minotaur Delver on Jan 27, 2022.
             Slain by an ogre (20 damage)
             ... on level 6 of the Dungeon.
             The game lasted 00:01:18 (668 turns).

cbfl8 the Sneak (Minotaur Delver)                    Turns: 668, Time: 00:01:19

Health: -2/47      AC:  3    Str: 18    XL:     5   Next: 79%
Magic:  4/4        EV: 12    Int:  7    God:
Gold:   0          SH:  0    Dex: 11    Spells: 4/4 levels left

rFire    . . .     SeeInvis .   a - +0 hand axe
rCold    . . .     Faith    .   (no shield)
rNeg     . . .     Spirit   .   b - +0 leather armour
rPois    .         Reflect  .   (helmet restricted)
rElec    .         Harm     .   (no cloak)
rCorr    .         Rampage  .   (no gloves)
Will     .....                  (no boots)
Stlth    +++.......             (no amulet)
HPRegen  0.15/turn              (no ring)
MPRegen  0.09/turn              (no ring)

@: no status effects
A: horns 2, retaliatory headbutt
a: no special abilities


You were on level 6 of the Dungeon.
You visited 1 branch of the dungeon, and saw 2 of its levels.

Inventory:

Hand Weapons
 a - a +0 hand axe (weapon)
 k - a +0 longbow
Missiles
 h - 4 atropa-tipped darts (quivered)
Armour
 b - a +0 leather armour (worn)
Wands
 g - a wand of digging (3)
Scrolls
 c - 2 scrolls of fog
 d - a scroll of magic mapping
 e - a scroll of fear
 j - a scroll of enchant weapon {unknown}
Potions
 f - a potion of haste
 i - a potion of heal wounds {unknown}


   Skills:
 + Level 4.5 Fighting
 + Level 3.6 Axes
 + Level 1.9 Armour
 + Level 2.6 Dodging
 + Level 5.7 Stealth


You had 4 spell levels left.
You didn't know any spells.
Your spell library contained the following spells:

 Spells                   Type           Power      Damage    Failure   Level
 Static Discharge         Conj/Air       0%         N/A       63%         2
 Lightning Bolt           Conj/Air       0%         1d11      100%        5
 Maxwell's Capacitive Co  Air            0%         ∞         100%        8


Dungeon Overview and Level Annotations

Branches:
Dungeon (6/15)
 Temple: D:4-7

Altars:


Innate Abilities, Weirdness & Mutations

You have a pair of horns on your head.
You reflexively headbutt those who attack you in melee.


Message History

The howler monkey skeleton is severely damaged.
The howler monkey skeleton hits you.
The howler monkey skeleton barely misses you.
You hit the howler monkey skeleton but do no damage.
The howler monkey skeleton is severely damaged.
The howler monkey skeleton hits you but does no damage.
You hit the howler monkey skeleton but do no damage.
The howler monkey skeleton is severely damaged.
The howler monkey skeleton closely misses you.
You furiously retaliate!
You headbutt the howler monkey skeleton!
You destroy the howler monkey skeleton!
There is a stone staircase leading down here.
Found an escape hatch in the floor.
Found 2 boomerangs.
Found a scroll labelled UMITSY XIBUS.
There is an escape hatch in the floor here.
j - a scroll labelled UMITSY XIBUS
Found a longbow.
Found 12 stones.
Found a stone staircase leading down.
Found a scroll of fog.
You see here a +0 longbow.
k - a +0 longbow
c - 2 scrolls of fog (gained 1)
An ogre comes into view. It is wielding a +0 giant club.
Found 22 stones.
Found a stone staircase leading up.
The helpless ogre fails to defend itself.
You slash the ogre! You headbutt the ogre.
The ogre is moderately wounded.
The ogre hits you with a +0 giant club!!
Ouch! That really hurt!
You barely miss the ogre.
The ogre is moderately wounded.
The ogre misses you.
You slash the ogre!
The ogre is heavily wounded.
The ogre hits you with a +0 giant club!!
You die...

##.....#..
#.#####..
######.####..#
#.............
#.............
#.............
#............#
#####..###..##
#..@# .##
#..#O.....<.
#(.##.##.####
#.. ... .# ###
#... # ##...
.... #####


You could see an ogre.

Vanquished Creatures
  A sky beast (D:6)
  An ogre (D:5)
  A centaur zombie (D:5)
  A hound (D:6)
  A howler monkey skeleton (D:6)
  An orc (D:6)
6 creatures vanquished.

Vanquished Creatures (others)
  A scorpion (D:5)
  An ufetubus (D:5)
2 creatures vanquished.

Grand Total: 8 creatures vanquished

Notes
Turn   | Place    | Note
-------+----------+-------------------------------------------
     0 | D:5      | cbfl8 the Minotaur Delver began the quest for the Orb.
     0 | D:5      | Reached XP level 1. HP: 19/19 MP: 0/0
    31 | D:5      | Reached XP level 2. HP: 11/27 MP: 1/1
    31 | D:5      | Reached XP level 3. HP: 13/33 MP: 2/2
    43 | D:5      | Killed a scorpion
   208 | D:5      | Noticed an ogre
   213 | D:5      | Noticed a sky beast
   214 | D:5      | Killed an ogre
   215 | D:5      | Reached skill level 1 in Armour
   215 | D:5      | Reached skill level 5 in Stealth
   215 | D:5      | Reached XP level 4. HP: 13/40 MP: 3/3
   228 | D:6      | Noticed a wyvern
   439 | D:6      | Reached XP level 5. HP: 40/47 MP: 4/4
   439 | D:6      | Noticed an ogre
   468 | D:6      | Noticed a sky beast
   476 | D:6      | Killed a sky beast
   658 | D:6      | Noticed an ogre
   668 | D:6      | Slain by an ogre

Illustrated notes

Levels and vault maps discovered:
D:5:      layout_basic, chequers_temple_overflow_statue_of_worship,
          minmay_temple_entry_fiery, minmay_misc_feat_more_columns,
          lemuel_flamethrower_2
D:6:      layout_rooms, chequers_garden

Skill      XL: |  1  2  3 |
---------------+----------+-----
Fighting       | 4 |  4.5
Axes           | 3 |  3.6
Armour         | 1 |  1.9
Stealth        | 5 |  5.7
Dodging        | |  2.6

Action                   |  1- 3 |  4- 6 || total
-------------------------+-------+-------++-------
Melee: Hand axe          |    10 |    22 ||    32
       Headbutt          |     3 |     7 ||    10
 Stab: Sleeping          |       |     3 ||     3
Armor: Leather armour    |     6 |     2 ||     8
Dodge: Dodged            |     9 |    16 ||    25
